Sharks vs Nordiques
Created - 15 décembre 2013 at 21:58
Goals
|
| Sharks |
1 |
0 |
1 |
2 |
| Nordiques |
1 |
1 |
2 |
4 |
|
Shots
|
| Sharks |
16 |
4 |
9 |
29 |
| Nordiques |
5 |
14 |
13 |
32 |
|
1st period
1. Sharks , Henrik Sedin 17 (Joni Pitkanen, Dany Heatley) at 15:10 (SH)
2. Nordiques , Matt Pettinger 6 (Éric Belanger) at 19:04
Penalties :
Ales Kotalik (Que) for Tripping (Minor) at 6:42, Andrei Markov (SJS) for Interference (Minor) at 6:42, Martin Samuelsson (SJS) for Hooking (Minor) at 14:52
2nd period
3. Nordiques , Maxim Afinogenov 13 (Stephen Weiss, Cory Sarich) at 3:35
Penalties :
Henrik Sedin (SJS) for Interference (Minor) at 10:14, Ryan Whitney (Que) for Holding (Minor) at 17:01
3rd period
4. Sharks , Dany Heatley 14 (Henrik Sedin, David Hale) at 1:02
5. Nordiques , Stephen Weiss 12 (Simon Gagné, Maxim Afinogenov) at 8:52 (PP)
6. Nordiques , Simon Gagné 17 (Mattias Weinhandl, Lubomir Visnovsky) at 18:14
Penalties :
Ian Laperriere (SJS) for Tripping (Minor) at 2:16, David Krejci (SJS) for Slashing (Minor) at 8:28, Matt Pettinger (Que) for Hooking (Minor) at 10:09, Dany Heatley (SJS) for Tripping (Minor) at 14:42
Goalie Stats
Martin Biron (SJS), 28 saves from 32 shots - (0,875), L, 5-3-4, 60:00 minutes
Mike Smith (Que), 27 saves from 29 shots - (0,931), W, 8-8-0, 60:00 minutes
Players Stats for Sharks
Player Name G A P +/- PIM S H SB GA TA FO MP PP MP PK MP
------------------------------------------------------------------------------------
Adam Mair 0 0 0 0 0 2 3 1 0 0 2/11 14:10 0:00 3:14
Adam Pardy 0 0 0 0 0 0 2 0 0 0 0/0 12:57 0:00 0:00
Alex Pietrangelo 0 0 0 0 0 1 0 0 0 1 0/0 11:58 0:00 0:00
Andrei Markov 0 0 0 0 2 2 0 2 0 0 0/0 19:12 2:04 3:23
Daniel Sedin 0 0 0 0 0 1 1 0 0 0 0/0 17:37 1:48 3:00
Dany Heatley 1 1 2 1 2 8 2 1 0 1 4/13 21:19 2:10 3:48
David Hale 0 1 1 0 0 1 1 0 0 1 0/0 19:58 2:04 3:23
David Krejci 0 0 0 -2 2 4 1 0 0 0 3/6 9:50 0:00 0:57
Filip Kuba 0 0 0 -1 0 1 3 2 1 3 0/0 28:04 1:54 4:57
Georges Laraque 0 0 0 0 0 1 1 0 0 0 1/1 18:11 1:59 1:00
Henrik Sedin 1 1 2 1 2 2 1 0 0 0 13/25 20:52 1:59 3:40
Ian Laperriere 0 0 0 0 2 0 0 0 0 1 0/0 13:35 1:48 0:00
Joni Pitkanen 0 1 1 -1 0 2 0 6 0 2 0/0 28:04 1:54 4:57
Martin Samuelsson 0 0 0 -2 2 0 0 1 0 1 0/0 10:30 0:00 0:50
Mikko Koivu 0 0 0 0 0 1 4 0 1 0 2/9 13:17 1:48 0:11
Patrick Eaves 0 0 0 0 0 1 2 0 0 0 1/1 10:32 0:11 0:00
Ryan Callahan 0 0 0 -2 0 1 0 1 0 0 0/0 8:54 0:00 0:00
Tomas Fleischmann 0 0 0 0 0 1 1 1 0 0 0/0 10:35 0:11 0:00
Players Stats for Nordiques
Player Name G A P +/- PIM S H SB GA TA FO MP PP MP PK MP
------------------------------------------------------------------------------------
Ales Kotalik 0 0 0 -1 2 2 0 0 0 0 0/0 15:43 3:29 0:00
Alexei Ponikarovsky 0 0 0 0 0 0 1 0 0 0 1/1 7:51 0:00 1:03
Chris Phillips 0 0 0 -1 0 0 1 1 2 0 0/0 27:53 5:07 0:55
Cory Sarich 0 1 1 2 0 1 0 3 0 0 0/0 10:04 0:00 0:00
Éric Belanger 0 1 1 1 0 6 1 0 1 0 8/12 13:10 0:00 1:02
Jonathan Cheechoo 0 0 0 0 0 0 1 0 0 0 0/0 6:32 0:00 0:00
Jordan Leopold 0 0 0 2 0 1 1 1 0 0 0/0 18:17 3:13 2:12
Lubomir Visnovsky 0 1 1 0 0 0 1 2 0 1 0/0 19:50 3:13 1:46
Matt Pettinger 1 0 1 1 2 4 1 1 1 0 0/0 11:57 0:00 0:00
Mattias Weinhandl 0 1 1 1 0 2 0 0 1 0 1/1 11:55 0:00 0:00
Maxim Afinogenov 1 1 2 1 0 4 1 1 0 0 1/1 22:27 4:51 2:01
Mike Cammalleri 0 0 0 -1 0 1 0 1 0 0 0/1 15:43 3:29 0:00
Mike Komisarek 0 0 0 0 0 1 0 1 0 1 0/0 16:14 0:00 2:12
Rickard Wallin 0 0 0 0 0 0 1 1 0 0 0/0 6:32 0:00 0:00
Ryan Whitney 0 0 0 -1 2 4 1 0 1 0 0/0 27:45 5:07 0:51
Saku Koivu 0 0 0 -1 0 0 2 0 1 0 8/18 18:25 3:29 2:01
Simon Gagné 1 1 2 1 0 4 2 1 1 0 1/3 21:49 4:51 0:54
Stephen Weiss 1 1 2 1 0 2 3 0 2 0 20/29 21:53 4:51 0:55
3 Stars
1 - Stephen Weiss (Que)
2 - Simon Gagné (Que)
3 - Maxim Afinogenov (Que)
Power Play
Sharks - 0 on 2 Attempt(s) - 0,00%
Nordiques - 1 on 5 Attempt(s) - 20,00%
Penalty Kill
Sharks - 4 on 5 Attempt(s) - 80,00%
- Score 1 goal in Penalty Kill
Nordiques - 2 on 2 Attempt(s) - 100,00%
- Score 0 goal in Penalty Kill
Official
Referees : Meier Brad and Jackson Dave
Linesman : Scott Driscoll and Don Henderson
Game Notes
No Game Note
Finance
Level 1 -- Attendance: 5435 (90,58%) -- Ticket Income 407 625 $
Level 2 -- Attendance: 4530 (90,60%) -- Ticket Income 181 200 $
Level 3 -- Attendance: 1731 (86,55%) -- Ticket Income 51 930 $
Level 4 -- Attendance: 3986 (99,65%) -- Ticket Income 59 790 $
Luxury Box -- Attendance: 995 (99,50%) -- Ticket Income 139 300 $
Game was played at the Colisé Pepsi
Total Attendance: 16677 (92,65%)
Total Ticket Income: 839 845 $
Other Income: 125 977 $
Total Income: 965 822 $
Sharks
5 vs 5 Forward
Center Left Wing Right Wing Time % Phy DF OF
1 Henrik Sedin Dany Heatley Georges Laraque 40 1 2 2
2 Mikko Koivu Daniel Sedin Ian Laperriere 30 1 2 2
3 Adam Mair Tomas Fleischmann Patrick Eaves 20 1 2 2
4 David Krejci Martin Samuelsson Ryan Callahan 10 1 2 2
5 vs 5 Defense
Defense Defense Time % Phy DF OF
1 Joni Pitkanen Filip Kuba 40 1 2 2
2 Andrei Markov David Hale 30 1 2 2
3 Adam Pardy Alex Pietrangelo 20 1 2 2
4 Joni Pitkanen Filip Kuba 10 1 2 2
PowerPlay Forward
Center Left Wing Right Wing Time % Phy DF OF
1 Henrik Sedin Dany Heatley Georges Laraque 60 1 2 2
2 Mikko Koivu Daniel Sedin Ian Laperriere 40 1 2 2
PowerPlay Defense
Defense Defense Time % Phy DF OF
1 Joni Pitkanen Filip Kuba 60 1 2 2
2 Andrei Markov David Hale 40 1 2 2
Penalty Kill 4 Players Forward
Center Wing Time % Phy DF OF
1 Dany Heatley Henrik Sedin 60 1 2 2
2 Daniel Sedin Georges Laraque 40 1 2 2
Penalty Kill 4 Players Defense
Defense Defense Time % Phy DF OF
1 Joni Pitkanen Filip Kuba 60 1 2 2
2 Andrei Markov David Hale 40 1 2 2
Penalty Kill - 3 Players Forward
Forward Time % Phy DF OF
1 Dany Heatley 60 1 2 2
2 Henrik Sedin 40 1 2 2
Penalty Kill - 3 Players Defense
Defense Defense Time % Phy DF OF
1 Joni Pitkanen Filip Kuba 60 1 2 2
2 Andrei Markov David Hale 40 1 2 2
4 vs 4 Forward
Center Wing Time % Phy DF OF
1 Dany Heatley Henrik Sedin 60 1 2 2
2 Daniel Sedin Georges Laraque 40 1 2 2
4 vs 4 Defense
Defense Defense Time % Phy DF OF
1 Joni Pitkanen Filip Kuba 60 1 2 2
2 Andrei Markov David Hale 40 1 2 2
Last Minutes Offensive
Center Left Wing Right Wing Defense Defense
Henrik Sedin Dany Heatley Georges Laraque Joni Pitkanen Filip Kuba
Last Minutes Defensive
Center Left Wing Right Wing Defense Defense
Henrik Sedin Dany Heatley Georges Laraque Joni Pitkanen Filip Kuba
Goaltenders
Starting : Martin Biron
Backup : Tyler Weiman
Extra Forwards
Normal : Tomas Fleischmann, Patrick Eaves, Adam Mair - PP : Tomas Fleischmann, Patrick Eaves - PK : Adam Mair
Extra Defensemen
Normal : Adam Pardy, Alex Pietrangelo, Andrei Markov - PP : Adam Pardy - PK : Alex Pietrangelo, Andrei Markov
Penalty Shots
Dany Heatley, Henrik Sedin, Daniel Sedin, Georges Laraque, Mikko Koivu
Nordiques
5 vs 5 Forward
Center Left Wing Right Wing Time % Phy DF OF
1 Stephen Weiss Simon Gagné Maxim Afinogenov 40 0 2 3
2 Saku Koivu Mike Cammalleri Ales Kotalik 30 0 2 3
3 Éric Belanger Matt Pettinger Mattias Weinhandl 20 0 3 2
4 Rickard Wallin Alexei Ponikarovsky Jonathan Cheechoo 10 1 2 2
5 vs 5 Defense
Defense Defense Time % Phy DF OF
1 Chris Phillips Ryan Whitney 40 1 2 2
2 Lubomir Visnovsky Mike Komisarek 30 1 2 2
3 Cory Sarich Jordan Leopold 20 1 2 2
4 Chris Phillips Ryan Whitney 10 1 2 2
PowerPlay Forward
Center Left Wing Right Wing Time % Phy DF OF
1 Stephen Weiss Simon Gagné Maxim Afinogenov 60 0 1 4
2 Saku Koivu Mike Cammalleri Ales Kotalik 40 0 1 4
PowerPlay Defense
Defense Defense Time % Phy DF OF
1 Chris Phillips Ryan Whitney 60 0 2 3
2 Lubomir Visnovsky Jordan Leopold 40 0 2 3
Penalty Kill 4 Players Forward
Center Wing Time % Phy DF OF
1 Saku Koivu Maxim Afinogenov 60 0 4 1
2 Éric Belanger Simon Gagné 40 0 4 1
Penalty Kill 4 Players Defense
Defense Defense Time % Phy DF OF
1 Jordan Leopold Mike Komisarek 60 0 4 1
2 Ryan Whitney Lubomir Visnovsky 40 0 4 1
Penalty Kill - 3 Players Forward
Forward Time % Phy DF OF
1 Saku Koivu 60 0 4 1
2 Maxim Afinogenov 40 0 4 1
Penalty Kill - 3 Players Defense
Defense Defense Time % Phy DF OF
1 Jordan Leopold Mike Komisarek 60 0 4 1
2 Lubomir Visnovsky Ryan Whitney 40 0 4 1
4 vs 4 Forward
Center Wing Time % Phy DF OF
1 Stephen Weiss Simon Gagné 60 0 2 3
2 Saku Koivu Maxim Afinogenov 40 0 2 3
4 vs 4 Defense
Defense Defense Time % Phy DF OF
1 Chris Phillips Ryan Whitney 60 0 3 2
2 Lubomir Visnovsky Jordan Leopold 40 0 3 2
Last Minutes Offensive
Center Left Wing Right Wing Defense Defense
Stephen Weiss Simon Gagné Maxim Afinogenov Chris Phillips Ryan Whitney
Last Minutes Defensive
Center Left Wing Right Wing Defense Defense
Saku Koivu Matt Pettinger Maxim Afinogenov Jordan Leopold Mike Komisarek
Goaltenders
Starting : Mike Smith
Backup : Jean-Sébastien Giguère
Extra Forwards
Normal : Saku Koivu, Stephen Weiss, Maxim Afinogenov - PP : Mike Cammalleri, Simon Gagné - PK : Stephen Weiss
Extra Defensemen
Normal : Lubomir Visnovsky, Jordan Leopold, Ryan Whitney - PP : Mike Komisarek - PK : Jordan Leopold, Mike Komisarek
Penalty Shots
Maxim Afinogenov, Simon Gagné, Mike Cammalleri, Ryan Whitney, Saku Koivu
% Time on Ice - Sharks
Lines # - Real PCT - Wanted PCT - Time Play
Normal Forward
1 - 32% - 40% - 14:38
2 - 26% - 30% - 12:05
3 - 22% - 20% - 10:06
4 - 19% - 10% - 8:54
Normal Defense
1 - 42% - 40% - 19:01
2 - 30% - 30% - 13:32
3 - 26% - 20% - 11:58
4 - 3% - 10% - 1:12
PP Forward
1 - 55% - 60% - 2:10
2 - 45% - 40% - 1:48
PP Defense
1 - 48% - 60% - 1:54
2 - 52% - 40% - 2:04
PK Forward
1 - 88% - 60% - 7:20
2 - 12% - 40% - 1:00
PK Defense
1 - 59% - 60% - 4:57
2 - 41% - 40% - 3:23
PK3 Forward
1 - 0% - 60%
2 - 0% - 40%
PK3 Defense
1 - 0% - 60%
2 - 0% - 40%
44 Forward
1 - 66% - 60% - 1:19
2 - 34% - 40% - 0:40
44 Defense
1 - 50% - 60% - 1:00
2 - 50% - 40% - 0:59
Last Minute Offensive - 0:00
Last Minute Defensive - 0:00
Total
Forward - 60:00
Defense - 60:00
|
% Time on Ice - Nordiques
Lines # - Real PCT - Wanted PCT - Time Play
Normal Forward
1 - 33% - 40% - 15:02
2 - 27% - 30% - 12:14
3 - 26% - 20% - 11:55
4 - 14% - 10% - 6:32
Normal Defense
1 - 41% - 40% - 18:40
2 - 31% - 30% - 14:09
3 - 22% - 20% - 10:04
4 - 6% - 10% - 2:50
PP Forward
1 - 58% - 60% - 4:51
2 - 42% - 40% - 3:29
PP Defense
1 - 61% - 60% - 5:07
2 - 39% - 40% - 3:13
PK Forward
1 - 77% - 60% - 3:04
2 - 23% - 40% - 0:54
PK Defense
1 - 55% - 60% - 2:12
2 - 45% - 40% - 1:46
PK3 Forward
1 - 0% - 60%
2 - 0% - 40%
PK3 Defense
1 - 0% - 60%
2 - 0% - 40%
44 Forward
1 - 68% - 60% - 1:21
2 - 32% - 40% - 0:38
44 Defense
1 - 59% - 60% - 1:10
2 - 41% - 40% - 0:49
Last Minute Offensive - 0:00
Last Minute Defensive - 0:00
Total
Forward - 60:00
Defense - 60:00
|
Play by Play
1st period
0:01 of 1st period - Georges Laraque wins face-off versus Stephen Weiss in neutral zone.
0:26 of 1st period - Chris Phillips is hit by Mikko Koivu and loses puck.
0:51 of 1st period - Éric Belanger is hit by Adam Mair and loses puck.
1:14 of 1st period - Snap shot by Martin Samuelsson.
1:14 of 1st period - Deflect By Ryan Callahan.
1:14 of 1st period - Stopped by Mike Smith with a rebound.
1:24 of 1st period - Joni Pitkanen is hit by Jonathan Cheechoo and loses puck.
2:00 of 1st period - Wrist shot by Saku Koivu.
2:00 of 1st period - Shot Misses the Net.
2:16 of 1st period - Matt Pettinger is hit by Adam Mair and loses puck.
2:51 of 1st period - Lubomir Visnovsky is hit by Adam Pardy and loses puck.
4:00 of 1st period - Slapshot by Joni Pitkanen.
4:00 of 1st period - Shot Blocked by Matt Pettinger.
5:01 of 1st period - Off-side.
5:02 of 1st period - Mikko Koivu wins face-off versus Stephen Weiss in neutral zone.
5:07 of 1st period - Simon Gagné is hit by Mikko Koivu.
5:53 of 1st period - Tomas Fleischmann is hit by Matt Pettinger and loses puck.
6:10 of 1st period - Snap shot by Alexei Ponikarovsky.
6:10 of 1st period - Shot Blocked by Martin Samuelsson.
6:12 of 1st period - Backhand shot by Rickard Wallin.
6:12 of 1st period - Shot Blocked by Joni Pitkanen.
6:28 of 1st period - Mike Komisarek is hit by Mikko Koivu and loses puck.
6:35 of 1st period - Snap shot by Daniel Sedin.
6:35 of 1st period - Shot Misses the Net.
6:37 of 1st period - Slapshot by Daniel Sedin.
6:37 of 1st period - Stopped by Mike Smith without a rebound.
6:38 of 1st period - Henrik Sedin wins face-off versus Saku Koivu in Nordiques zone.
6:39 of 1st period - Snap shot by Dany Heatley.
6:39 of 1st period - Shot Blocked by Lubomir Visnovsky.
6:41 of 1st period - Slapshot by David Hale.
6:41 of 1st period - Deflect By Lubomir Visnovsky.
6:41 of 1st period - Stopped by Mike Smith with a rebound.
6:42 of 1st period - Minor Penalty to Ales Kotalik for Tripping.
6:42 of 1st period - Minor Penalty to Andrei Markov for Interference.
6:43 of 1st period - Stephen Weiss wins face-off versus Dany Heatley in Nordiques zone.
6:52 of 1st period - Snap shot by Simon Gagné.
6:52 of 1st period - Shot Blocked by Dany Heatley.
6:54 of 1st period - Slapshot by Ryan Whitney.
6:54 of 1st period - Shot Misses the Net.
6:56 of 1st period - Slapshot by Ryan Whitney.
6:56 of 1st period - Shot Blocked by Joni Pitkanen.
6:58 of 1st period - Snap shot by Simon Gagné.
6:58 of 1st period - Shot Misses the Net.
7:16 of 1st period - Wrist shot by Maxim Afinogenov.
7:16 of 1st period - Shot Misses the Net.
7:26 of 1st period - Snap shot by Daniel Sedin.
7:26 of 1st period - Shot Misses the Net.
7:28 of 1st period - Slapshot by Joni Pitkanen.
7:28 of 1st period - Stopped by Mike Smith without a rebound.
7:29 of 1st period - Stephen Weiss wins face-off versus Dany Heatley in Nordiques zone.
7:36 of 1st period - Slapshot by Simon Gagné.
7:36 of 1st period - Shot Misses the Net.
7:54 of 1st period - Simon Gagné is hit by Henrik Sedin and loses puck.
8:05 of 1st period - Snap shot by Stephen Weiss.
8:05 of 1st period - Shot Misses the Net.
8:42 of 1st period - Penalty to Ales Kotalik is over, Ales Kotalik is back on ice.
8:42 of 1st period - Penalty to Andrei Markov is over, Andrei Markov is back on ice.
8:55 of 1st period - Wrist shot by Éric Belanger.
8:55 of 1st period - Stopped by Martin Biron without a rebound.
8:56 of 1st period - Saku Koivu wins face-off versus Adam Mair in Sharks zone.
9:11 of 1st period - Snap shot by Tomas Fleischmann.
9:11 of 1st period - Deflect By Patrick Eaves.
9:11 of 1st period - Stopped by Mike Smith without a rebound.
9:12 of 1st period - Stephen Weiss wins face-off versus Henrik Sedin in Nordiques zone.
9:17 of 1st period - Snap shot by Maxim Afinogenov.
9:17 of 1st period - Stopped by Martin Biron with a rebound.
9:19 of 1st period - Snap shot by Simon Gagné.
9:19 of 1st period - Deflect By Dany Heatley.
9:19 of 1st period - Shot Misses the Net.
9:19 of 1st period - Puck is out of play.
9:20 of 1st period - Stephen Weiss wins face-off versus Henrik Sedin in Sharks zone.
11:16 of 1st period - Snap shot by Dany Heatley.
11:16 of 1st period - Stopped by Mike Smith with a rebound.
11:18 of 1st period - Wrist shot by Dany Heatley.
11:18 of 1st period - Stopped by Mike Smith with a rebound.
11:33 of 1st period - Off-side.
11:34 of 1st period - Saku Koivu wins face-off versus Mikko Koivu in neutral zone.
12:04 of 1st period - Slapshot by Andrei Markov.
12:04 of 1st period - Stopped by Mike Smith without a rebound.
12:05 of 1st period - Mikko Koivu wins face-off versus Éric Belanger in Nordiques zone.
12:30 of 1st period - Adam Mair is hit by Saku Koivu and loses puck.
12:37 of 1st period - Snap shot by Ales Kotalik.
12:37 of 1st period - Shot Misses the Net.
12:55 of 1st period - Andrei Markov is hit by Alexei Ponikarovsky and loses puck.
13:06 of 1st period - Slapshot by Andrei Markov.
13:06 of 1st period - Stopped by Mike Smith without a rebound.
13:07 of 1st period - Mattias Weinhandl wins face-off versus Mikko Koivu in Nordiques zone.
13:36 of 1st period - Snap shot by Tomas Fleischmann.
13:36 of 1st period - Deflect By Adam Mair.
13:36 of 1st period - Shot Misses the Net.
13:36 of 1st period - Puck is out of play.
13:37 of 1st period - Adam Mair wins face-off versus Saku Koivu in Nordiques zone.
13:40 of 1st period - Snap shot by Adam Mair.
13:40 of 1st period - Stopped by Mike Smith with a rebound.
13:42 of 1st period - Snap shot by Tomas Fleischmann.
13:42 of 1st period - Shot Misses the Net.
13:44 of 1st period - Wrist shot by Adam Mair.
13:44 of 1st period - Stopped by Mike Smith without a rebound.
13:45 of 1st period - Saku Koivu wins face-off versus Adam Mair in Nordiques zone.
14:52 of 1st period - Minor Penalty to Martin Samuelsson for Hooking.
14:53 of 1st period - Stephen Weiss wins face-off versus Dany Heatley in Sharks zone.
14:56 of 1st period - Snap shot by Maxim Afinogenov.
14:56 of 1st period - Shot Misses the Net.
15:06 of 1st period - Wrist shot by Dany Heatley.
15:06 of 1st period - Stopped by Mike Smith without a rebound.
15:07 of 1st period - Dany Heatley wins face-off versus Simon Gagné in Nordiques zone.
15:08 of 1st period - Slapshot by Henrik Sedin.
15:08 of 1st period - Deflect By Dany Heatley.
15:08 of 1st period - Stopped by Mike Smith with a rebound.
15:10 of 1st period - Snap shot by Joni Pitkanen.
15:10 of 1st period - Deflect By Henrik Sedin.
15:10 of 1st period - Goal by Henrik Sedin - Sharks : 1 - Nordiques : 0.
15:11 of 1st period - Stephen Weiss wins face-off versus Dany Heatley in neutral zone.
15:44 of 1st period - Wrist shot by Ales Kotalik.
15:44 of 1st period - Stopped by Martin Biron with a rebound.
16:52 of 1st period - Penalty to Martin Samuelsson is over, Martin Samuelsson is back on ice.
17:24 of 1st period - Alexei Ponikarovsky is hit by Mikko Koivu and loses puck.
18:50 of 1st period - Slapshot by Éric Belanger.
18:50 of 1st period - Stopped by Martin Biron with a rebound.
19:04 of 1st period - Wrist shot by Matt Pettinger.
19:04 of 1st period - Goal by Matt Pettinger - Sharks : 1 - Nordiques : 1.
19:05 of 1st period - Henrik Sedin wins face-off versus Stephen Weiss in neutral zone.
19:12 of 1st period - Slapshot by Simon Gagné.
19:12 of 1st period - Shot Blocked by Filip Kuba.
19:20 of 1st period - Snap shot by Filip Kuba.
19:20 of 1st period - Shot Misses the Net.
19:30 of 1st period - Lubomir Visnovsky is hit by Patrick Eaves and loses puck.
19:35 of 1st period - Snap shot by Tomas Fleischmann.
19:35 of 1st period - Stopped by Mike Smith with a rebound.
19:37 of 1st period - Slapshot by Filip Kuba.
19:37 of 1st period - Stopped by Mike Smith with a rebound.
19:39 of 1st period - Snap shot by Adam Mair.
19:39 of 1st period - Shot Blocked by Maxim Afinogenov.
19:58 of 1st period - Off-side.
19:59 of 1st period - Saku Koivu wins face-off versus Henrik Sedin in neutral zone.
2nd period
0:01 of 2nd period - Stephen Weiss wins face-off versus Henrik Sedin in neutral zone.
0:06 of 2nd period - Slapshot by Maxim Afinogenov.
0:06 of 2nd period - Stopped by Martin Biron without a rebound.
0:07 of 2nd period - Stephen Weiss wins face-off versus Henrik Sedin in Sharks zone.
0:08 of 2nd period - Slapshot by Maxim Afinogenov.
0:08 of 2nd period - Stopped by Martin Biron with a rebound.
0:10 of 2nd period - Slapshot by Ryan Whitney.
0:10 of 2nd period - Deflect By Henrik Sedin.
0:10 of 2nd period - Stopped by Martin Biron with a rebound.
0:12 of 2nd period - Slapshot by Ryan Whitney.
0:12 of 2nd period - Stopped by Martin Biron without a rebound.
0:13 of 2nd period - Henrik Sedin wins face-off versus Stephen Weiss in Sharks zone.
0:13 of 2nd period - Henrik Sedin is hit by Stephen Weiss.
0:21 of 2nd period - Snap shot by Simon Gagné.
0:21 of 2nd period - Shot Misses the Net.
0:39 of 2nd period - Saku Koivu is hit by Filip Kuba and loses puck.
0:58 of 2nd period - Snap shot by Matt Pettinger.
0:58 of 2nd period - Stopped by Martin Biron with a rebound.
1:00 of 2nd period - Slapshot by Ryan Whitney.
1:00 of 2nd period - Deflect By Éric Belanger.
1:00 of 2nd period - Shot Blocked by Andrei Markov.
1:00 of 2nd period - Puck is out of play.
1:01 of 2nd period - Éric Belanger wins face-off versus Adam Mair in Sharks zone.
1:10 of 2nd period - Snap shot by Mattias Weinhandl.
1:10 of 2nd period - Shot Blocked by Joni Pitkanen.
1:20 of 2nd period - Slapshot by Mattias Weinhandl.
1:20 of 2nd period - Stopped by Martin Biron without a rebound.
1:21 of 2nd period - Stephen Weiss wins face-off versus Henrik Sedin in Sharks zone.
1:24 of 2nd period - Snap shot by Simon Gagné.
1:24 of 2nd period - Deflect By Maxim Afinogenov.
1:24 of 2nd period - Shot Misses the Net.
1:24 of 2nd period - Puck is out of play.
1:25 of 2nd period - Henrik Sedin wins face-off versus Stephen Weiss in Sharks zone.
1:25 of 2nd period - Henrik Sedin is hit by Simon Gagné.
2:21 of 2nd period - Wrist shot by Patrick Eaves.
2:21 of 2nd period - Shot Blocked by Rickard Wallin.
2:33 of 2nd period - Martin Samuelsson is hit by Stephen Weiss and loses puck.
2:38 of 2nd period - Wrist shot by Simon Gagné.
2:38 of 2nd period - Stopped by Martin Biron without a rebound.
2:39 of 2nd period - David Krejci wins face-off versus Stephen Weiss in Sharks zone.
2:53 of 2nd period - Slapshot by David Krejci.
2:53 of 2nd period - Shot Misses the Net.
3:09 of 2nd period - Wrist shot by Simon Gagné.
3:09 of 2nd period - Stopped by Martin Biron with a rebound.
3:29 of 2nd period - Wrist shot by Simon Gagné.
3:29 of 2nd period - Shot Misses the Net.
3:31 of 2nd period - Snap shot by Cory Sarich.
3:31 of 2nd period - Shot Misses the Net.
3:33 of 2nd period - Wrist shot by Stephen Weiss.
3:33 of 2nd period - Stopped by Martin Biron with a rebound.
3:35 of 2nd period - Snap shot by Maxim Afinogenov.
3:35 of 2nd period - Goal by Maxim Afinogenov - Sharks : 1 - Nordiques : 2.
3:36 of 2nd period - Dany Heatley wins face-off versus Saku Koivu in neutral zone.
3:41 of 2nd period - Wrist shot by Dany Heatley.
3:41 of 2nd period - Stopped by Mike Smith with a rebound.
3:43 of 2nd period - Snap shot by Dany Heatley.
3:43 of 2nd period - Shot Misses the Net.
4:15 of 2nd period - Snap shot by Matt Pettinger.
4:15 of 2nd period - Shot Blocked by Andrei Markov.
4:48 of 2nd period - Wrist shot by David Krejci.
4:48 of 2nd period - Stopped by Mike Smith without a rebound.
4:49 of 2nd period - Stephen Weiss wins face-off versus David Krejci in Nordiques zone.
4:49 of 2nd period - Stephen Weiss is hit by Filip Kuba.
6:11 of 2nd period - Snap shot by Ryan Callahan.
6:11 of 2nd period - Shot Blocked by Simon Gagné.
6:13 of 2nd period - Slapshot by Joni Pitkanen.
6:13 of 2nd period - Deflect By Ryan Callahan.
6:13 of 2nd period - Shot Misses the Net.
6:13 of 2nd period - Puck is out of play.
6:14 of 2nd period - Henrik Sedin wins face-off versus Saku Koivu in Nordiques zone.
6:39 of 2nd period - Lubomir Visnovsky is hit by Daniel Sedin and loses puck.
8:52 of 2nd period - Stephen Weiss is hit by Adam Pardy and loses puck.
9:57 of 2nd period - Snap shot by Matt Pettinger.
9:57 of 2nd period - Deflect By Adam Pardy.
9:57 of 2nd period - Shot Misses the Net.
9:57 of 2nd period - Puck is out of play.
9:58 of 2nd period - David Krejci wins face-off versus Éric Belanger in Sharks zone.
10:10 of 2nd period - Off-side.
10:11 of 2nd period - Saku Koivu wins face-off versus Henrik Sedin in neutral zone.
10:14 of 2nd period - Slapshot by Mike Komisarek.
10:14 of 2nd period - Deflect By Dany Heatley.
10:14 of 2nd period - Stopped by Martin Biron without a rebound.
10:14 of 2nd period - Minor Penalty to Henrik Sedin for Interference.
10:15 of 2nd period - Stephen Weiss wins face-off versus Dany Heatley in Sharks zone.
10:49 of 2nd period - Snap shot by Saku Koivu.
10:49 of 2nd period - Shot Blocked by Joni Pitkanen.
11:37 of 2nd period - David Krejci is hit by Stephen Weiss and loses puck.
12:14 of 2nd period - Penalty to Henrik Sedin is over, Henrik Sedin is back on ice.
12:26 of 2nd period - Wrist shot by Jonathan Cheechoo.
12:26 of 2nd period - Shot Misses the Net.
12:28 of 2nd period - Slapshot by Jordan Leopold.
12:28 of 2nd period - Shot Misses the Net.
12:30 of 2nd period - Slapshot by Jordan Leopold.
12:30 of 2nd period - Shot Misses the Net.
12:32 of 2nd period - Slapshot by Jordan Leopold.
12:32 of 2nd period - Stopped by Martin Biron without a rebound.
12:33 of 2nd period - Éric Belanger wins face-off versus Mikko Koivu in Sharks zone.
12:34 of 2nd period - Slapshot by Matt Pettinger.
12:34 of 2nd period - Stopped by Martin Biron with a rebound.
12:39 of 2nd period - Off-side.
12:40 of 2nd period - Éric Belanger wins face-off versus Mikko Koivu in neutral zone.
12:51 of 2nd period - Snap shot by Éric Belanger.
12:51 of 2nd period - Stopped by Martin Biron with a rebound.
13:13 of 2nd period - Snap shot by Mike Cammalleri.
13:13 of 2nd period - Shot Hit the Post.
13:30 of 2nd period - Snap shot by Henrik Sedin.
13:30 of 2nd period - Shot Misses the Net.
13:32 of 2nd period - Snap shot by Georges Laraque.
13:32 of 2nd period - Stopped by Mike Smith without a rebound.
13:33 of 2nd period - Stephen Weiss wins face-off versus Henrik Sedin in Nordiques zone.
13:33 of 2nd period - Stephen Weiss is hit by Georges Laraque.
13:59 of 2nd period - Ryan Whitney is hit by Patrick Eaves and loses puck.
14:22 of 2nd period - David Hale is hit by Lubomir Visnovsky and loses puck.
14:55 of 2nd period - Mikko Koivu is hit by Ryan Whitney and loses puck.
16:02 of 2nd period - Wrist shot by David Krejci.
16:02 of 2nd period - Stopped by Mike Smith without a rebound.
16:03 of 2nd period - Henrik Sedin wins face-off versus Simon Gagné in Nordiques zone.
16:52 of 2nd period - Snap shot by David Krejci.
16:52 of 2nd period - Shot Blocked by Cory Sarich.
16:54 of 2nd period - Slapshot by David Hale.
16:54 of 2nd period - Deflect By Ryan Callahan.
16:54 of 2nd period - Deflect By Jordan Leopold.
16:54 of 2nd period - Shot Misses the Net.
16:54 of 2nd period - Puck is out of play.
16:55 of 2nd period - David Krejci wins face-off versus Éric Belanger in Nordiques zone.
17:01 of 2nd period - Minor Penalty to Ryan Whitney for Holding.
17:02 of 2nd period - Henrik Sedin wins face-off versus Saku Koivu in Nordiques zone.
19:01 of 2nd period - Penalty to Ryan Whitney is over, Ryan Whitney is back on ice.
19:18 of 2nd period - Wrist shot by David Krejci.
19:18 of 2nd period - Shot Misses the Net.
19:20 of 2nd period - Slapshot by Adam Pardy.
19:20 of 2nd period - Deflect By Martin Samuelsson.
19:20 of 2nd period - Shot Blocked by Chris Phillips.
19:20 of 2nd period - Puck is out of play.
19:21 of 2nd period - Adam Mair wins face-off versus Saku Koivu in Nordiques zone.
19:22 of 2nd period - Slapshot by Alex Pietrangelo.
19:22 of 2nd period - Shot Blocked by Cory Sarich.
3rd period
0:01 of 3rd period - Stephen Weiss wins face-off versus Henrik Sedin in neutral zone.
0:13 of 3rd period - Icing by Filip Kuba.
0:14 of 3rd period - Henrik Sedin wins face-off versus Saku Koivu in Sharks zone.
0:48 of 3rd period - Off-side.
0:49 of 3rd period - Dany Heatley wins face-off versus Saku Koivu in neutral zone.
0:56 of 3rd period - Backhand shot by Dany Heatley.
0:56 of 3rd period - Shot Blocked by Mike Komisarek.
0:58 of 3rd period - Wrist shot by David Hale.
0:58 of 3rd period - Shot Misses the Net.
1:00 of 3rd period - Snap shot by Henrik Sedin.
1:00 of 3rd period - Shot Misses the Net.
1:02 of 3rd period - Slapshot by Dany Heatley.
1:02 of 3rd period - Goal by Dany Heatley - Sharks : 2 - Nordiques : 2.
1:03 of 3rd period - Stephen Weiss wins face-off versus Henrik Sedin in neutral zone.
1:38 of 3rd period - Wrist shot by Mikko Koivu.
1:38 of 3rd period - Stopped by Mike Smith without a rebound.
1:39 of 3rd period - Henrik Sedin wins face-off versus Saku Koivu in Nordiques zone.
1:44 of 3rd period - Snap shot by Dany Heatley.
1:44 of 3rd period - Stopped by Mike Smith without a rebound.
1:45 of 3rd period - Saku Koivu wins face-off versus Henrik Sedin in Nordiques zone.
1:51 of 3rd period - Off-side.
1:52 of 3rd period - Henrik Sedin wins face-off versus Stephen Weiss in neutral zone.
2:16 of 3rd period - Minor Penalty to Ian Laperriere for Tripping.
2:17 of 3rd period - Stephen Weiss wins face-off versus Dany Heatley in Sharks zone.
2:22 of 3rd period - Snap shot by Simon Gagné.
2:22 of 3rd period - Shot Misses the Net.
2:24 of 3rd period - Slapshot by Ryan Whitney.
2:24 of 3rd period - Shot Blocked by Joni Pitkanen.
2:26 of 3rd period - Slapshot by Ryan Whitney.
2:26 of 3rd period - Shot Blocked by Filip Kuba.
2:28 of 3rd period - Snap shot by Stephen Weiss.
2:28 of 3rd period - Shot Misses the Net.
3:52 of 3rd period - Dany Heatley is hit by Saku Koivu and loses puck.
4:16 of 3rd period - Penalty to Ian Laperriere is over, Ian Laperriere is back on ice.
4:59 of 3rd period - Snap shot by David Krejci.
4:59 of 3rd period - Stopped by Mike Smith with a rebound.
5:01 of 3rd period - Snap shot by Ryan Callahan.
5:01 of 3rd period - Deflect By Martin Samuelsson.
5:01 of 3rd period - Shot Blocked by Cory Sarich.
5:01 of 3rd period - Puck is out of play.
5:02 of 3rd period - Stephen Weiss wins face-off versus Adam Mair in Nordiques zone.
5:17 of 3rd period - Wrist shot by Adam Mair.
5:17 of 3rd period - Shot Misses the Net.
5:27 of 3rd period - Chris Phillips is hit by David Krejci and loses puck.
5:34 of 3rd period - Wrist shot by Ryan Callahan.
5:34 of 3rd period - Shot Misses the Net.
5:36 of 3rd period - Snap shot by Andrei Markov.
5:36 of 3rd period - Deflect By David Krejci.
5:36 of 3rd period - Stopped by Mike Smith with a rebound.
6:23 of 3rd period - Joni Pitkanen is hit by Rickard Wallin and loses puck.
6:32 of 3rd period - Snap shot by Alexei Ponikarovsky.
6:32 of 3rd period - Shot Misses the Net.
6:48 of 3rd period - Wrist shot by Mike Cammalleri.
6:48 of 3rd period - Shot Misses the Net.
6:50 of 3rd period - Wrist shot by Mike Cammalleri.
6:50 of 3rd period - Shot Misses the Net.
6:52 of 3rd period - Slapshot by Cory Sarich.
6:52 of 3rd period - Stopped by Martin Biron without a rebound.
6:53 of 3rd period - Dany Heatley wins face-off versus Saku Koivu in Sharks zone.
7:32 of 3rd period - Snap shot by Georges Laraque.
7:32 of 3rd period - Shot Misses the Net.
7:34 of 3rd period - Snap shot by Henrik Sedin.
7:34 of 3rd period - Shot Blocked by Mike Cammalleri.
7:36 of 3rd period - Slapshot by Alex Pietrangelo.
7:36 of 3rd period - Stopped by Mike Smith without a rebound.
7:37 of 3rd period - Stephen Weiss wins face-off versus Mikko Koivu in Nordiques zone.
8:02 of 3rd period - Filip Kuba is hit by Éric Belanger and loses puck.
8:09 of 3rd period - Snap shot by Mattias Weinhandl.
8:09 of 3rd period - Shot Misses the Net.
8:11 of 3rd period - Slapshot by Mike Komisarek.
8:11 of 3rd period - Shot Blocked by Tomas Fleischmann.
8:13 of 3rd period - Slapshot by Lubomir Visnovsky.
8:13 of 3rd period - Shot Misses the Net.
8:28 of 3rd period - Minor Penalty to David Krejci for Slashing.
8:29 of 3rd period - Stephen Weiss wins face-off versus Dany Heatley in Sharks zone.
8:36 of 3rd period - Wrist shot by Simon Gagné.
8:36 of 3rd period - Stopped by Martin Biron without a rebound.
8:37 of 3rd period - Stephen Weiss wins face-off versus Dany Heatley in Sharks zone.
8:52 of 3rd period - Snap shot by Stephen Weiss.
8:52 of 3rd period - Goal by Stephen Weiss - Sharks : 2 - Nordiques : 3.
8:53 of 3rd period - Henrik Sedin wins face-off versus Stephen Weiss in neutral zone.
8:59 of 3rd period - Slapshot by Henrik Sedin.
8:59 of 3rd period - Shot Misses the Net.
9:21 of 3rd period - Saku Koivu is hit by Filip Kuba and loses puck.
9:42 of 3rd period - Backhand shot by Filip Kuba.
9:42 of 3rd period - Shot Blocked by Lubomir Visnovsky.
9:52 of 3rd period - Snap shot by Adam Mair.
9:52 of 3rd period - Shot Misses the Net.
10:09 of 3rd period - Minor Penalty to Matt Pettinger for Hooking.
10:10 of 3rd period - Saku Koivu wins face-off versus Dany Heatley in Nordiques zone.
12:09 of 3rd period - Penalty to Matt Pettinger is over, Matt Pettinger is back on ice.
12:35 of 3rd period - Snap shot by Mike Komisarek.
12:35 of 3rd period - Shot Blocked by Ryan Callahan.
13:07 of 3rd period - Slapshot by Éric Belanger.
13:07 of 3rd period - Stopped by Martin Biron without a rebound.
13:08 of 3rd period - Éric Belanger wins face-off versus David Krejci in Sharks zone.
13:13 of 3rd period - Wrist shot by Éric Belanger.
13:13 of 3rd period - Stopped by Martin Biron without a rebound.
13:14 of 3rd period - Saku Koivu wins face-off versus David Krejci in Sharks zone.
13:21 of 3rd period - Snap shot by Saku Koivu.
13:21 of 3rd period - Shot Misses the Net.
13:29 of 3rd period - Slapshot by Ales Kotalik.
13:29 of 3rd period - Stopped by Martin Biron without a rebound.
13:30 of 3rd period - Henrik Sedin wins face-off versus Stephen Weiss in Sharks zone.
13:30 of 3rd period - Henrik Sedin is hit by Maxim Afinogenov.
13:36 of 3rd period - Ryan Whitney is hit by Dany Heatley.
13:47 of 3rd period - Simon Gagné is hit by Dany Heatley and loses puck.
14:02 of 3rd period - Ryan Whitney is hit by David Hale and loses puck.
14:22 of 3rd period - Icing by Matt Pettinger.
14:23 of 3rd period - Éric Belanger wins face-off versus Adam Mair in Nordiques zone.
14:28 of 3rd period - Tomas Fleischmann is hit by Chris Phillips and loses puck.
14:33 of 3rd period - Slapshot by Éric Belanger.
14:33 of 3rd period - Stopped by Martin Biron without a rebound.
14:34 of 3rd period - Maxim Afinogenov wins face-off versus Henrik Sedin in Sharks zone.
14:42 of 3rd period - Minor Penalty to Dany Heatley for Tripping.
14:43 of 3rd period - Simon Gagné wins face-off versus Adam Mair in Sharks zone.
14:50 of 3rd period - Snap shot by Maxim Afinogenov.
14:50 of 3rd period - Shot Blocked by Adam Mair.
14:52 of 3rd period - Snap shot by Maxim Afinogenov.
14:52 of 3rd period - Shot Blocked by Joni Pitkanen.
14:54 of 3rd period - Wrist shot by Ryan Whitney.
14:54 of 3rd period - Stopped by Martin Biron without a rebound.
14:55 of 3rd period - Stephen Weiss wins face-off versus Adam Mair in Sharks zone.
15:48 of 3rd period - David Hale is hit by Jordan Leopold and loses puck.
16:42 of 3rd period - Penalty to Dany Heatley is over, Dany Heatley is back on ice.
16:47 of 3rd period - Martin Samuelsson is hit by Simon Gagné and loses puck.
17:00 of 3rd period - Wrist shot by Dany Heatley.
17:00 of 3rd period - Stopped by Mike Smith with a rebound.
17:02 of 3rd period - Backhand shot by Dany Heatley.
17:02 of 3rd period - Deflect By Jordan Leopold.
17:02 of 3rd period - Shot Blocked by Jordan Leopold.
17:02 of 3rd period - Puck is out of play.
17:03 of 3rd period - Éric Belanger wins face-off versus Mikko Koivu in Nordiques zone.
17:12 of 3rd period - Backhand shot by Ryan Whitney.
17:12 of 3rd period - Stopped by Martin Biron without a rebound.
17:13 of 3rd period - Éric Belanger wins face-off versus Mikko Koivu in Sharks zone.
17:14 of 3rd period - Wrist shot by Mattias Weinhandl.
17:14 of 3rd period - Stopped by Martin Biron with a rebound.
17:42 of 3rd period - Wrist shot by Mike Cammalleri.
17:42 of 3rd period - Stopped by Martin Biron without a rebound.
17:43 of 3rd period - Henrik Sedin wins face-off versus Mike Cammalleri in Sharks zone.
17:48 of 3rd period - Slapshot by Joni Pitkanen.
17:48 of 3rd period - Stopped by Mike Smith without a rebound.
17:49 of 3rd period - Éric Belanger wins face-off versus Adam Mair in Nordiques zone.
18:14 of 3rd period - Wrist shot by Simon Gagné.
18:14 of 3rd period - Goal by Simon Gagné - Sharks : 2 - Nordiques : 4.
18:15 of 3rd period - Patrick Eaves wins face-off versus Éric Belanger in neutral zone.
18:23 of 3rd period - Wrist shot by Matt Pettinger.
18:23 of 3rd period - Stopped by Martin Biron with a rebound.
18:49 of 3rd period - Wrist shot by Henrik Sedin.
18:49 of 3rd period - Stopped by Mike Smith with a rebound.
18:52 of 3rd period - Icing by Ryan Whitney.
18:53 of 3rd period - Alexei Ponikarovsky wins face-off versus Adam Mair in Nordiques zone.
18:53 of 3rd period - Alexei Ponikarovsky is hit by Tomas Fleischmann.
19:05 of 3rd period - Ryan Whitney is hit by Adam Mair and loses puck.
Output by the SimonT Hockey Simulator (STHS) for François Prévost -- Original Page W3C XHTML 1.0 Valid